 Dungeon Crawl Stone Soup version 0.30-a0-373-gd37427bb62 (webtiles) character file.

Game seed: 15486613084962880667

541 funkygono the Magician (level 7, -2/50 HPs)
             Began as a Demonspawn Fire Elementalist on Nov 24, 2022.
             Slain by Grinder (6 damage)
             ... on level 5 of the Dungeon.
             The game lasted 00:05:52 (4467 turns).

funkygono the Magician (DsFE)                       Turns: 4467, Time: 00:05:53

Health: -2/50      AC:  5    Str:  8 (9)  XL:     7   Next: 5%
Magic:  6/14       EV: 12    Int: 16 (18) God:
Gold:   170        SH:  0    Dex: 11 (13) Spells: 5/15 levels left

rFire   . . .      SeeInvis .    d - +4 whip (venom)
rCold   . . .      Faith    .    (no shield)
rNeg    . . .      Spirit   .    a - +0 robe
rPois   .          Reflect  .    l - +0 helmet
rElec   .          Harm     .    (no cloak)
rCorr   .          Rampage  .    (no gloves)
Will    .....                    (no boots)
Stlth   ++........               (no amulet)
HPRegen 0.28/turn                (no ring)
MPRegen 0.14/turn                (no ring)

@: no status effects
A: hooves 2, rugged brown scales 2
a: no special abilities


You were on level 5 of the Dungeon.
You visited 1 branch of the dungeon, and saw 5 of its levels.

You collected 170 gold pieces.

Inventory:

Hand Weapons
 d - a +4 whip of venom (weapon)
 g - a +0 mace
 h - a +2 vampiric whip
 n - a +3 falchion
Armour
 a - a +0 robe (worn)
 c - a +0 leather armour
 l - a +0 helmet (worn)
 p - a +3 ring mail
Wands
 e - a wand of roots (22)
 i - a wand of charming (2)
 o - a wand of acid (12)
Scrolls
 j - a scroll of immolation
Potions
 b - a potion of magic
 f - a potion of curing
 k - a potion of berserk rage
 m - a potion of degeneration


   Skills:
 + Level 1.0 Fighting
 + Level 1.2 Maces & Flails
 + Level 2.0 Dodging
 - Level 1.7 Stealth
 + Level 4.7 Spellcasting
 + Level 3.1 Conjurations
 + Level 4.6 Fire Magic


You had 5 spell levels left.
You knew the following spells:

 Your Spells              Type           Power      Damage    Failure   Level
a - Foxfire               Conj/Fire      64%        2x1d7     3%          1
b - Scorch                Fire           36%        2d7       3%          2
c - Ignite Poison         Fire/Tmut/Pois 8%         N/A       26%         3
d - Flame Wave            Conj/Fire      16%        2d7       30%         4

Your spell library contained the following spells:

 Spells                   Type           Power      Damage    Failure   Level
 Inner Flame              Hex/Fire       11%        N/A       19%         3
 Kindle Blastsparks       Fire/Tloc/Air  16%        2d11      26%         3
 Vhi's Electric Charge    Tloc/Air       6%         N/A       43%         3
 Animate Armour           Summ/Erth      6%         N/A       83%         4
 Summon Lightning Spire   Summ/Air       3%         N/A       83%         4
 Arcjolt                  Conj/Air       4%         1d14      92%         5
 Freezing Cloud           Conj/Ice/Air   3%         6-21      96%         5
 Blade Hands              Tmut           1%         N/A       99%         5
 Iron Shot                Conj/Erth      4%         9d2       100%        6
 Storm Form               Tmut/Air       1%         N/A       100%        7
 Maxwell's Capacitive Co  Air            1%         ∞         100%        8


Dungeon Overview and Level Annotations

Branches:
Dungeon (5/15)
 Temple: D:4-7

Altars:
Fedhas
Kikubaaqudgha
Uskayaw

Shops:
D:4 :

Annotations:
D:5 Grinder


Innate Abilities, Weirdness & Mutations

You have hoof-like feet.
You are mostly covered in rugged brown scales. (AC +2, +5% HP)


Message History

The foxfire hits Menkaure!
Menkaure is burned terribly!
Menkaure is severely damaged.
You hear a distant slurping noise.
Casting: Foxfire (safe; 3% risk of failure)
Confirm with . or Enter, or press ? or * to list all spells.
Flames lash Menkaure.
Menkaure is burned terribly!
You destroy Menkaure!
Your Fighting skill increases to level 1!
Your Dodging skill increases to level 2!
You have reached level 7!
Grinder comes into view.
You closely miss Grinder. Grinder hits you but does no damage.
Casting: Scorch (safe; 3% risk of failure)
Confirm with . or Enter, or press ? or * to list all spells.
Flames lash Grinder.
Grinder is lightly wounded.
Grinder's fire resistance burns away.
You hear an angry hiss.
Grinder gestures at you. Pain shoots through your body!
Casting: Scorch (safe; 3% risk of failure)
Confirm with . or Enter, or press ? or * to list all spells.
Flames lash Grinder.
Grinder is burned terribly!
Grinder is heavily wounded.
Grinder hits you.
* * * LOW HITPOINT WARNING * * *
You writhe in agony.
* * * LOW HITPOINT WARNING * * *
You hit Grinder.
Grinder is poisoned.
Grinder is heavily wounded.
Grinder hits you.
* * * LOW HITPOINT WARNING * * *
You writhe in agony.
* * * LOW HITPOINT WARNING * * *
An adder comes into view.
It was a potion of degeneration.
There was something very wrong with that liquid.
You feel weakened.
You feel dopey.
You feel clumsy. The adder barely misses you. Grinder hits you.
You die...

#.#.......).#
#.############
#....)....)..#
############.#
#################.#
..................#
#######.###########
####÷######
#.#.#.#§#@#
#.#.#.#5#S#
#.#.#.#.#.#.#
#.#)#.#.#.#.#.#
#.#)#.#.#.#.#.#.#
..#.#.#.#.#.#.#.#.#
..#.#.#.#
#.#.#.#.#.#
+#..#.#.#
#.#.#.#.#. #...#.#
#.#.#.#.


You could see Grinder (very poisoned, combustible) and an adder.

Vanquished Creatures
  Menkaure (D:5)
  An ogre (D:4)
  A necrophage (D:4)
  A scorpion (D:4)
  A hound (D:5)
  A gnoll bouda (D:5)
  Terence (D:3)
  An orc wizard (D:4)
  3 gnolls (D:5)
  4 worms
  3 orcs
  6 ball pythons
  6 bats
  6 endoplasms
  A giant cockroach (D:2)
  8 hobgoblins
  2 jackals (D:2)
  5 quokkas
  9 goblins
  4 kobolds
  2 rats
67 creatures vanquished.

Vanquished Creatures (others)
  A human (D:3)
  174 foxfires
175 creatures vanquished.

Grand Total: 242 creatures vanquished

Notes
Turn   | Place    | Note
-------+----------+-------------------------------------------
     0 | D:1      | funkygono the Demonspawn Fire Elementalist began the quest
                  | for the Orb.
     0 | D:1      | Reached XP level 1. HP: 13/13 MP: 3/3
   733 | D:1      | Gained mutation: You are partially covered in rugged brown
                  | scales. (AC +1, +3% HP) [demonic ancestry]
   733 | D:1      | Reached XP level 2. HP: 13/19 MP: 1/5
   736 | D:1      | Learned a level 2 spell: Scorch
  1287 | D:2      | Gained mutation: You are mostly covered in rugged brown
                  | scales. (AC +2, +5% HP) [demonic ancestry]
  1287 | D:2      | Reached XP level 3. HP: 19/25 MP: 4/6
  1464 | D:2      | Found a blossoming altar of Fedhas.
  1969 | D:2      | Learned a level 3 spell: Ignite Poison
  2026 | D:3      | Noticed Terence
  2031 | D:3      | Killed Terence
  2032 | D:3      | Gained mutation: You have large cloven feet. [demonic
                  | ancestry]
  2032 | D:3      | Reached XP level 4. HP: 15/31 MP: 1/8
  2474 | D:3      | Found an ancient bone altar of Kikubaaqudgha.
  2493 | D:3      | Noticed a human
  2495 | D:3      | Killed a human
  2890 | D:4      | Found a hide-covered altar of Uskayaw.
  3071 | D:4      | Noticed an ogre
  3082 | D:4      | Killed an ogre
  3083 | D:4      | Reached XP level 5. HP: 36/36 MP: 1/10
  3088 | D:4      | Learned a level 4 spell: Flame Wave
  3638 | D:4      | Gained mutation: You have hoof-like feet. [demonic
                  | ancestry]
  3638 | D:4      | Reached XP level 6. HP: 41/44 MP: 4/12
  3726 | D:4      | Found Baebuo's Book Emporium.
  4170 | D:5      | Entered Level 5 of the Dungeon
  4231 | D:5      | Reached skill level 1 in Maces & Flails
  4447 | D:5      | Noticed Menkaure
  4452 | D:5      | Killed Menkaure
  4453 | D:5      | Reached skill level 1 in Fighting
  4453 | D:5      | Reached XP level 7. HP: 27/50 MP: 8/14
  4462 | D:5      | Noticed Grinder
  4467 | D:5      | Slain by Grinder

Illustrated notes

Levels and vault maps discovered:
D:1:      dpeg_arrival_chambers_temple_mockup, layout_loops_ring
D:2:      layout_basic, basic_altar
D:3:      layout_loops_ring, tgw_kikubaaqudgha, uniq_terence
D:4:      layout_basic, eat_drink_and_be_merry_uskayaw, serial_shops, shop,
          chequers_serial_rivers_small_a
D:5:      layout_basic, kennysheep_mini_moat, temple_green,
          ebering_ghost_inner_flame, uniq_ijyb, uniq_menkaure, uniq_grinder

Skill      XL: |  1  2  3  4  5  6 |
---------------+-------------------+-----
Fire Magic     | 3 4 |  4.6
Conjurations   | 2 3 |  3.1
Spellcasting   | 3 4 |  4.7
Maces & Flails | 1 |  1.2
Fighting       | 1 |  1.0
Dodging        | 2 |  2.0
Stealth        | |  1.7

Action                   |  1- 3 |  4- 6 |  7- 9 || total
-------------------------+-------+-------+-------++-------
Melee: Whip              |    12 |    26 |     2 ||    40
       Kick              |       |     9 |       ||     9
 Cast: Foxfire           |    61 |    44 |       ||   105
       Scorch            |     4 |    16 |     2 ||    22
  Use: Scroll            |     5 |     4 |       ||     9
       Potion            |       |       |     1 ||     1
Armor: Robe              |     1 |     9 |     1 ||    11
Dodge: Dodged            |    11 |    11 |     1 ||    23

Table legend: (Time is in decaauts)
 A = Elapsed time spent in this place.
 B = Non-inter-level travel time spent in this place.
 C = Inter-level travel time spent in this place.
 D = Time resting spent in this place.
 E = Time spent auto-exploring this place.
 F = Levels seen in this place.
 G = Mean time per level.
                   A        B        C        D        E       F      G
               +--------+--------+--------+--------+--------+-----+--------+
         Total |   4470 |   4375 |     95 |    300 |   3501 |   5 |  894.0 |
       Dungeon |   4470 |   4375 |     95 |    300 |   3501 |   5 |  894.0 |
               +--------+--------+--------+--------+--------+-----+--------+

Top non-repeatable levels by time:
     D:4: 1295 daAuts
     D:2: 1081 daAuts
     D:1: 938 daAuts
     D:3: 857 daAuts
     D:5: 297 daAuts
